 Dungeon Crawl Stone Soup version 0.31-a0-836-g3ceb0a68c4 (webtiles) character file.

Game seed: 10681432896909986992

54 graki42 the Firebug (level 3, 1/19 HPs)
             Began as a Deep Elf Fire Elementalist on June 24, 2023.
             Quit the game on level 2 of the Dungeon on Sept 26, 2023.
             The game lasted 00:05:29 (1444 turns).

graki42 the Firebug (Deep Elf Fire Elementalist)    Turns: 1444, Time: 00:05:30

Health: 1/19       AC:  2    Str:  5    XL:     3   Next: 66%
Magic:  0/10       EV: 13    Int: 21    God:
Gold:   54         SH:  0    Dex: 15    Spells: 6/9 levels left

rFire   . . .        (no weapon)
rCold   . . .        (no shield)
rNeg    . . .        a - +0 robe
rPois   +            (no helmet)
rElec   .            (no cloak)
rCorr   .            (no gloves)
SInv    .            (no boots)
Will    +....        (no amulet)
Stlth   ++           g - ring of poison resistance
HPRegen 0.23/turn    e - ring of willpower
MPRegen 0.12/turn

%: no passive effects
@: no status effects
A: no striking features
a: no special abilities


You were on level 2 of the Dungeon.
You visited 1 branch of the dungeon, and saw 2 of its levels.

You collected 54 gold pieces.

Inventory:

Armour
 a - a +0 robe (worn)
Jewellery
 c - a ring of resist corrosion
 e - a ring of willpower (right hand)
 g - a ring of poison resistance (left hand)
 h - a ring of magical power
Scrolls
 d - a scroll of fear {unknown}
 f - 2 scrolls of blinking {unknown}
 i - a scroll of revelation {unknown}
 k - 2 scrolls of identify {unknown}
 l - a scroll of amnesia {unknown}
Potions
 b - a potion of magic
 j - a potion of cancellation {unknown}


   Skills:
 + Level 3.1 Dodging
 + Level 3.2 Stealth
 + Level 3.6 Spellcasting
 + Level 2.0 Conjurations
 + Level 3.7 Fire Magic


You had 6 spell levels left.
You knew the following spells:

 Your Spells              Type           Power      Damage    Failure   Level
a - Foxfire               Conj/Fire      60%        2x1d7     3%          1
b - Scorch                Fire           38%        2d6       4%          2

Your spell library contained the following spells:

 Spells                   Type           Power      Damage    Failure   Level
 Shock                    Conj/Air       32%        1d5       9%          1
 Apportation              Tloc           6%         N/A       13%         1
 Necrotise                Necr           12%        1d4       13%         1
 Slow                     Hex            12%        N/A       13%         1
 Summon Small Mammal      Summ           12%        N/A       13%         1
 Inner Flame              Hex/Fire       11%        N/A       17%         3
 Volatile Blastmotes      Fire/Tloc      22%        2d11      17%         3
 Confusing Touch          Hex            3%         N/A       36%         3
 Swiftness                Air            3%         N/A       36%         3
 Vampiric Draining        Necr           3%         2d6       36%         3
 Flame Wave               Conj/Fire      15%        2d7       36%         4
 Airstrike                Air            1%         2d(1-17)  77%         4


Dungeon Overview and Level Annotations

Branches:
Dungeon (2/15)

Altars:

Annotations:
D:2 Robin


Message History

A goblin comes into view. It is wielding a +0 club.
Casting: Scorch (safe; 4% risk of failure)
Confirm with . or Enter, or press ? or * to list all spells.
Flames lash the goblin.
You kill the goblin!
You hear a shout!
Robin roars a battlecry!
The goblin hits you but does no damage.
Your Conjurations skill increases to level 2!
A goblin and a kobold come into view.
Robin closely misses you.
Robin is no longer more vulnerable to fire.
The goblin attacks as you move away! The goblin hits you with a +0 club.
The goblin attacks as you move away! The goblin hits you with a +0 club.
* * * LOW HITPOINT WARNING * * *
The kobold throws a stone.
The stone barely misses you.
Your magical contamination has completely faded away.
The goblin no longer looks unusually strong.
The goblin attacks as you move away! The goblin hits you with a +0 club.
* * * LOW HITPOINT WARNING * * *
The goblin attacks as you move away! The goblin barely misses you.
Robin roars a battlecry!
The goblin goes into a battle-frenzy!
There is an open door here.
The goblin attacks as you move away! The goblin hits you with a +0 club.
* * * LOW HITPOINT WARNING * * *
Robin roars a battlecry!
Casting: Scorch (safe; 4% risk of failure)
Confirm with . or Enter, or press ? or * to list all spells.
Flames lash the goblin.
The goblin is severely wounded.
The goblin's fire resistance burns away.
Robin throws the goblin at you!
* * * LOW HITPOINT WARNING * * *
The goblin barely misses you.
Unknown command.
Level annotation: Robin Welcome back, graki42 the Deep Elf Fire Elementalist.
Press ? for a list of commands and other information.
Are you sure you want to abandon this character and quit the game? (Confirm with "yes".)

... #..#...####.#.#. ##g####
####...# ###.## ))..... #...#
#..... )..# #.### #.#.#.
########### #.# #.#.#
##.....#..## #.# #.#.#
...###.....# #.######.#.#
##.........##########...>......#
+.........gK..g@g..##########.#
#..........#######.#..........#
.......###+## #.#.#..#######
######.# ##.#.####### ....
#........... .#.### #...########
#.#.# #.....).... . #+#
#....###### #..).#


You could see Robin, 2 goblins and a kobold.

Vanquished Creatures
  2 adders (D:2)
  A worm (D:2)
  An endoplasm (D:1)
  12 goblins
  2 hobgoblins (D:1)
  2 kobolds (D:1)
  A quokka (D:1)
  5 ball pythons
  2 bats
  2 rats (D:1)
30 creatures vanquished.

Vanquished Creatures (others)
  40 foxfires
40 creatures vanquished.

Grand Total: 70 creatures vanquished

Notes
Turn   | Place    | Note
-------+----------+-------------------------------------------
     0 | D:1      | graki42 the Deep Elf Fire Elementalist began the quest for
                  | the Orb.
     0 | D:1      | Reached XP level 1. HP: 10/10 MP: 6/6
   294 | D:1      | Reached XP level 2. HP: 15/15 MP: 6/8
   297 | D:1      | Learned a level 2 spell: Scorch
  1014 | D:1      | Found a faded altar of an unknown god.
  1210 | D:2      | Reached XP level 3. HP: 19/19 MP: 4/9
  1414 | D:2      | Noticed Robin
  1444 | D:2      | Upgraded the game from 0.31-a0-196-g86fe4a5e66 to
                  | 0.31-a0-836-g3ceb0a68c4
  1444 | D:2      | Quit the game

Illustrated notes

Levels and vault maps discovered:
D:1:      grunt_arrival_lava_bath, layout_loops_corners,
          dreamdust_ecumenical_altar_hidden_monk_grotto,
          dreamdust_princess_bridge, corner_web_ring, minmay_3d_cube
D:2:      layout_basic, minmay_snake_closets, uniq_robin

Skill      XL: |  1  2  3 |
---------------+----------+-----
Stealth        | 3 |  3.2
Dodging        | 3 |  3.1
Conjurations   | 2 |  2.0
Spellcasting   | |  3.6
Fire Magic     | |  3.7

Action                     || total
---------------------------++-------
   Cast: Foxfire           ||    25
         Scorch            ||    14
 Armour: Robe              ||     4
  Dodge: Dodged            ||    19

Table legend: (Time is in decaauts)
 A = Elapsed time spent in this place.
 B = Non-inter-level travel time spent in this place.
 C = Inter-level travel time spent in this place.
 D = Time resting spent in this place.
 E = Time spent auto-exploring this place.
 F = Levels seen in this place.
 G = Mean time per level.
                   A        B        C        D        E       F      G
               +--------+--------+--------+--------+--------+-----+--------+
         Total |   1442 |   1423 |     19 |      0 |   1224 |   2 |  721.0 |
       Dungeon |   1442 |   1423 |     19 |      0 |   1224 |   2 |  721.0 |
               +--------+--------+--------+--------+--------+-----+--------+

Top non-repeatable levels by time:
     D:1: 1197 daAuts
     D:2: 245 daAuts
